 Dungeon Crawl Stone Soup version 0.19-a0-599-g723c685 (webtiles) character file.

592 Geppetto the Gusty (level 7, -5/61 HPs)
             Began as a Black Draconian Wanderer on June 11, 2016.
             Was a Believer of Vehumet.
             Slain by an ogre
             ... wielding a +0 giant spiked club
              (22 damage)
             ... on level 5 of the Dungeon.
             The game lasted 00:27:44 (5359 turns).

Geppetto the Gusty (Black Draconian Wanderer)       Turns: 5359, Time: 00:27:45

Health: -5/61      AC: 10    Str: 14    XL:     7   Next: 16%
Magic:  8/11       EV: 11    Int: 16    God:    Vehumet [**....]
Gold:   257        SH:  0    Dex:  9    Spells: 4 memorised, 6 levels left

rFire  + . .     SeeInvis .     a - +3 hand axe
rCold  x . .     Gourm    .     (armour unavailable)
rNeg   . . .     Faith    .     (no shield)
rPois  .         Spirit   .     (helmet restricted)
rElec  +         Dismiss  .     n - +2 cloak
rCorr  .         Reflect  .     m - +0 pair of gloves
SustAt .         Harm     .     (no boots)
MR     .....                    (no amulet)
Stlth  +.........               (no ring)
                                e - ring of fire

@: short of breath, not resistant to hostile enchantments, very unstealthy
A: breathe lightning, unfitting armour, electricity resistance, cold-blooded, AC
+6
a: Breathe Lightning, Renounce Religion


You were on level 5 of the Dungeon.
You worshipped Vehumet.
Vehumet was pleased with you.
You were hungry.

You visited 1 branch of the dungeon, and saw 5 of its levels.

You collected 257 gold pieces.

Inventory:

Hand Weapons
 a - a +3 hand axe (weapon)
Armour
 m - a +0 pair of gloves (worn)
 n - a +2 cloak (worn)
Jewellery
 e - a ring of fire (left hand)
Scrolls
 h - 3 scrolls of enchant weapon
 j - 3 scrolls of remove curse
 k - a scroll of enchant armour
 u - 2 scrolls of identify
Potions
 f - 2 potions of haste {unknown}
 g - 2 potions of curing
 i - a potion of berserk rage
 l - 2 potions of heal wounds {unknown}
 o - a potion of magic {unknown}
 p - a potion of resistance {unknown}
 s - a potion of cure mutation {unknown}
 v - a potion of flight {unknown}
 w - a potion of invisibility {unknown}
Books
 b - Tyrrejah's Incunabulum of Shape Shifting

   Spells                             Type                      Level
   a - Beastly Appendage              Transmutation                1
   b - Ignite Poison                  Fire/Transmutation/Poison    3
 c - the Collected Works on Lightness

   Spells                             Type                      Level
   a - Shock                          Conjuration/Air              1
   b - Mephitic Cloud                 Conjuration/Poison/Air       3
 r - a book of Power

   Spells                             Type                      Level
   a - Fulminant Prism                Conjuration/Hexes            4
   b - Iskenderun's Mystic Blast      Conjuration                  4
   c - Venom Bolt                     Conjuration/Poison           5
   d - Bolt of Magma                  Conjuration/Fire/Earth       5
   e - Iron Shot                      Conjuration/Earth            6
   f - Orb of Destruction             Conjuration                  7
   g - Spellforged Servitor           Conjuration/Summoning        7
Comestibles
 d - 4 bread rations
 t - a meat ration


   Skills:
 + Level 5.3 Fighting
 - Level 2.0 Axes
   Level 2.0 Shields
 - Level 3.0 Spellcasting
 - Level 3.1 Conjurations
 * Level 0.8 Fire Magic
 + Level 5.5 Air Magic
 - Level 1.3 Poison Magic


You had 6 spell levels left.
You knew the following spells:

 Your Spells              Type           Power        Failure   Level  Hunger
a - Shock                 Conj/Air       ###.         3%          1    #......
b - Beastly Appendage     Tmut           #.....       21%         1    #......
c - Mephitic Cloud        Conj/Pois/Air  ##......     14%         3    ###....
d - Flame Tongue          Conj/Fire      ##...        10%         1    #......


Dungeon Overview and Level Annotations

Branches:
Dungeon (5/15)
 Temple: D:4-7

Altars:
Vehumet


Innate Abilities, Weirdness & Mutations

You can breathe wild blasts of lightning.
Your glossy black scales are hard. (AC +6)
Your body does not fit into most forms of armour.
You are resistant to electric shocks. (rElec)
You are cold-blooded and may be slowed by cold attacks.


Message History

You feel sick.
You see here 14 sling bullets.
You feel sick.
There is a stone staircase leading up here.
You feel sick.
You feel sick.
There is a stone staircase leading up here.
You feel sick.
You feel sick.
You are no longer poisoned.
Okay, then.
You breathe a wild blast of lightning!
The orb of electricity explodes!
The orb of electricity engulfs you! You resist.
* * * LOW HITPOINT WARNING * * *
You hear a mighty clap of thunder!
You are feeling hungry.
There is a stone staircase leading up here.
There is a stone staircase leading up here.
The ogre hits you with a giant spiked club!!
You die...

#.###....## #.#
###.....##..# #.#
###..#....###.###.#
.#..###...# #.(##.#
....###...####.##.###
.....#.....# #......#
...........###...####
...............#..#
..............##@##
....####.......#O#
....###..........#
....##..###......#
#......## #......##
.###..## ##....(.## .#
##.### #...##..###
.####...#####.####.#.#
...#..#.......# ##.##


You could see an ogre.

Vanquished Creatures
  2 scorpions
  A hound (D:4)
  An orc priest (D:4)
  A giant frog skeleton (D:4)
  Natasha (twice) (D:4)
  An iguana (D:5)
  2 orc wizards
  3 worker ants (D:4)
  6 gnolls
  5 adders
  2 oozes
  A worm (D:3)
  2 dart slugs
  5 giant geckos
  13 orcs
  3 giant cockroaches
  5 goblins
  9 hobgoblins
  6 jackals (D:4)
  3 kobolds
  2 quokkas
  2 ball pythons
  10 bats
  3 giant newts
  A quokka skeleton (D:4)
  9 rats
100 creatures vanquished.

Vanquished Creatures (others)
  A bat (D:2)
  A rat (D:2)
2 creatures vanquished.

Grand Total: 102 creatures vanquished

Notes
Turn   | Place    | Note
--------------------------------------------------------------
     0 | D:1      | Geppetto the Draconian Wanderer began the quest for the Orb.
     0 | D:1      | Geppetto set off with: a +2 hand axe, Tyrrejah's Incunabulum of Shape Shifting, the Collected Works on Lightness, a bread ration
     0 | D:1      | Reached XP level 1. HP: 19/19 MP: 2/2
     0 | D:1      | Identified Tyrrejah's Incunabulum of Shape Shifting
     0 | D:1      | Identified the Collected Works on Lightness
     2 | D:1      | Learned a level 1 spell: Shock
     4 | D:1      | Learned a level 1 spell: Beastly Appendage
    83 | D:1      | Reached skill level 1 in Conjurations
   108 | D:1      | Reached XP level 2. HP: 25/26 MP: 3/3
   860 | D:2      | Reached XP level 3. HP: 33/33 MP: 2/4
  1320 | D:2      | Found a radiant altar of Vehumet.
  1329 | D:2      | Became a worshipper of Vehumet
  1859 | D:2      | Reached XP level 4. HP: 23/40 MP: 1/5
  2012 | D:2      | Learned a level 3 spell: Mephitic Cloud
  2535 | D:3      | Reached XP level 5. HP: 40/46 MP: 0/7
  2855 | D:3      | Reached * piety under Vehumet
  2855 | D:3      | Offered knowledge of Flame Tongue by Vehumet.
  2858 | D:3      | Learned a level 1 spell: Flame Tongue
  3772 | D:4      | Reached XP level 6. HP: 48/53 MP: 7/9
  4030 | D:4      | Noticed Natasha
  4066 | D:4      | Killed Natasha
  4226 | D:4      | Reached skill level 5 in Fighting
  4415 | D:4      | Noticed Natasha
  4419 | D:4      | Killed Natasha
  4576 | D:4      | Reached skill level 1 in Poison Magic
  4768 | D:4      | Your scales start taking on a glossy black colour.
  4768 | D:4      | Reached skill level 5 in Air Magic
  4768 | D:4      | Reached XP level 7. HP: 51/61 MP: 7/11
  4768 | D:4      | Gained mutation: You are resistant to electric shocks. (rElec) [Black Draconian growth]
  4961 | D:5      | Entered Level 5 of the Dungeon
  4976 | D:5      | Reached ** piety under Vehumet
  4976 | D:5      | Offered knowledge of Throw Flame by Vehumet.
  5359 | D:5      | Slain by an ogre

Vault maps used:
D:1:      ncdulo_wetmaze, minmay_door_square, minmay_strange_pillars
D:2:      fiery_altar_vehumet, first_bread
D:4:      feat_on_display, uniq_natasha

Skill      XL: |  1  2  3  4  5  6 |
---------------+-------------------+-----
Conjurations   | 1 2 3 |  3.1
Fighting       | 4 5 |  5.3
Air Magic      | 3 5 |  5.5
Spellcasting   | 2 3 |  3.0
Poison Magic   | 1 |  1.3
Axes           | |  2.0
Shields        | |  2.0
Fire Magic     | |  0.8

Action                   |  1- 3 |  4- 6 |  7- 9 || total
-------------------------+-------+-------+-------++-------
Melee: Hand axe          |    70 |    77 |     1 ||   148
       Tailslap          |     5 |     9 |       ||    14
 Cast: Shock             |    43 |   119 |    16 ||   178
       Beastly Appendage |     1 |       |       ||     1
       Mephitic Cloud    |       |     6 |     1 ||     7
       Flame Tongue      |       |       |     4 ||     4
 Abil: Breathe Lightning |       |       |     3 ||     3
  Use: Scroll            |     8 |     2 |     2 ||    12
 Stab: Confused          |       |     2 |       ||     2
  Eat: Chunk             |     4 |    13 |     2 ||    19
Armor: Skin              |    19 |    59 |       ||    78
Dodge: Dodged            |    38 |    63 |     6 ||   107
